 Dungeon Crawl Stone Soup version 0.26-a0-784-g51bffae0b1 (webtiles) character file.

Game seed: 9319075866725227891

66 Kinoniko the Slasher (level 3, -1/36 HPs)
             Began as a Troll Monk on Nov 10, 2020.
             Slain by a gnoll
             ... wielding a +0 spear
              (8 damage)
             ... on level 3 of the Dungeon.
             The game lasted 00:01:42 (992 turns).

Kinoniko the Slasher (Troll Monk)                    Turns: 992, Time: 00:01:43

Health: -1/36      AC:  6    Str: 18 (19) XL:     3   Next: 96%
Magic:  2/2        EV: 10    Int:  5 (7)  God:
Gold:   62         SH:  0    Dex: 11 (12) Spells: 2/2 levels left

rFire    + . .     SeeInvis .   a - +0 falchion
rCold    + . .     Faith    .   (no shield)
rNeg     . . .     Spirit   .   b - +0 robe
rPois    +         Reflect  .   (helmet restricted)
rElec    +         Harm     .   (no cloak)
rCorr    +         Rampage  .   (gloves unavailable)
MR       .....                  (boots unavailable)
Stlth    +.........             (no amulet)
HPRegen  0.52/turn              (no ring)
MPRegen  0.08/turn              (no ring)

@: resistant
A: large, unfitting armour, claws 3, regeneration 1, shaggy fur 1, tough skin 3
a: no special abilities


You were on level 3 of the Dungeon.
You visited 1 branch of the dungeon, and saw 3 of its levels.

You collected 62 gold pieces.

Inventory:

Hand Weapons
 a - a +0 falchion (weapon)
Armour
 b - a +0 robe (worn)
Jewellery
 e - an uncursed ring of ice {unknown}
Scrolls
 d - a scroll of identify {unknown}
 i - a scroll of remove curse {unknown}
 k - a scroll of amnesia {unknown}
 l - 3 scrolls of enchant armour {unknown}
Potions
 c - a potion of lignification


   Skills:
 + Level 2.8 Fighting
 * Level 3.1 Long Blades
 - Level 2.4 Dodging
 - Level 1.0 Stealth
 * Level 2.2 Unarmed Combat


You had 2 spell levels left.
You didn't know any spells.
Your spell library was empty.

Dungeon Overview and Level Annotations

Branches:
Dungeon (2/15)

Altars:


Innate Abilities, Weirdness & Mutations

You are too large for most types of armour.
You have claws for hands.
Your natural rate of healing is unusually fast.
You are covered in fur. (AC +1)
You have extremely tough skin. (AC +3)


Message History

The gnoll is almost dead.
The gnoll hits you from afar with a +0 spear.
The gnoll closely misses you.
You hit the gnoll but do no damage.
The gnoll is almost dead.
The gnoll closely misses you. The gnoll hits you but does no damage.
The gnoll hits you from afar with a +0 spear!
Unknown command.
It was a potion of magic.
Magic courses through your body. The gnoll misses you.
The gnoll completely misses you.
It was a potion of resistance.
You feel protected.
The gnoll hits you from afar with a +0 spear!
* * * LOW HITPOINT WARNING * * *
It was a potion of degeneration.
There was something very wrong with that liquid.
You feel weakened.
You feel dopey.
You feel clumsy. The gnoll hits you but does no damage.
The gnoll hits you from afar with a +0 spear!
You die...

#.# #.# ##.#
#####..# #.....##
#.##### #.#
#.#######.######
#..gggg@.....>..#
#########.#####.#
#.# #.# #.# ...
... ..


You could see 4 gnolls.

Vanquished Creatures
  2 adders (D:2)
  3 leopard geckos
  5 bats
  2 giant cockroaches (D:1)
  6 goblins
  9 hobgoblins
  4 jackals (D:2)
  A quokka (D:2)
  2 frilled lizards
  4 kobolds
  3 rats
41 creatures vanquished.

Notes
Turn   | Place    | Note
-------+----------+-------------------------------------------
     0 | D:1      | Kinoniko the Troll Monk began the quest for the Orb.
     0 | D:1      | Reached XP level 1. HP: 22/22 MP: 0/0
   127 | D:1      | Reached XP level 2. HP: 24/29 MP: 1/1
   169 | D:1      | Reached skill level 1 in Unarmed Combat
   677 | D:2      | Reached XP level 3. HP: 25/36 MP: 2/2
   755 | D:2      | Reached skill level 3 in Long Blades
   937 | D:2      | You fall into a shaft and drop 1 floor!
   992 | D:3      | Slain by a gnoll

Illustrated notes

Levels and vault maps discovered:
D:1:      dpeg_arrival_stonehenge_8_columns, layout_basic
D:2:      layout_basic, okawaru_metal_pillars_3, nrook_mini_backslash,
          nrook_mini_vaults, uniq_sigmund, uniq_jessica
D:3:      layout_loops_ring, nicolae_overflow_crystal_walls

Skill      XL: |  1  2  3 |
---------------+----------+-----
Unarmed Combat | 1 2 |  2.2
Long Blades    | 3 |  3.1
Fighting       | |  2.8
Dodging        | |  2.4
Stealth        | |  1.0

Action                   || total
-------------------------++-------
Melee: Falchion          ||   114
       Punch             ||     1
  Use: Potion            ||     5
 Stab: Sleeping          ||     3
Armor: Robe              ||    62
       Skin              ||    17
Dodge: Dodged            ||    90
       Rpst.: Falchion   ||    25

Table legend: (Time is in decaauts)
 A = Elapsed time spent in this place.
 B = Non-inter-level travel time spent in this place.
 C = Inter-level travel time spent in this place.
 D = Time resting spent in this place.
 E = Time spent auto-exploring this place.
 F = Levels seen in this place.
 G = Mean time per level.
                   A        B        C        D        E       F      G
               +--------+--------+--------+--------+--------+-----+--------+
         Total |   1010 |    998 |     12 |     11 |    715 |   3 |  336.7 |
       Dungeon |   1010 |    998 |     12 |     11 |    715 |   3 |  336.7 |
               +--------+--------+--------+--------+--------+-----+--------+

Top non-repeatable levels by time:
     D:1: 674 daAuts
     D:2: 280 daAuts
     D:3: 55 daAuts
